 Dungeon Crawl Stone Soup version 0.26.1-11-gd32895ea62 (webtiles) character file.

Game seed: 6005235580258997755

7917 Tirrikindir the Carver (level 11, -1/72 HPs)
             Began as an Octopode Fighter on June 7, 2021.
             Was a Believer of Okawaru.
             Slain by a wight
             ... wielding a +5 dagger
              (8 damage)
             ... on level 10 of the Dungeon.
             The game lasted 00:24:58 (12044 turns).

Tirrikindir the Carver (Octopode Fighter)          Turns: 12044, Time: 00:25:00

Health: -1/72      AC:  1    Str: 22    XL:     11   Next: 22%
Magic:  13/13      EV: 17    Int: 10    God:    Okawaru [**....]
Gold:   493        SH: 13    Dex: 15    Spells: 10/10 levels left

rFire    + . .     SeeInvis .   a - +3 scimitar
rCold    . . .     Faith    .   b - +2 kite shield
rNeg     . . .     Spirit   .   (helmet restricted)
rPois    +         Reflect  .   (no amulet)
rElec    .         Harm     .   l - ring of poison resistance
rCorr    .         Rampage  .   m - +6 ring of strength
Will     .....                  i - ring of protection from fire
Stlth    ++++++....             y - ring of stealth
HPRegen  0.22/turn              (no ring)
MPRegen  0.13/turn              (no ring)
                                (no ring)
                                (no ring)

@: no status effects
A: almost no armour, stealthy swim, amphibious, 8 rings, constrict 8, camouflage
1, gelatinous body 1
a: Renounce Religion, Heroism


You were on level 10 of the Dungeon.
You worshipped Okawaru.
Okawaru was pleased with you.
You visited 2 branches of the dungeon, and saw 11 of its levels.
You also visited: Sewer.

You collected 493 gold pieces.

Inventory:

Hand Weapons
 a - a +3 scimitar (weapon)
 f - a +0 short sword of draining
Missiles
 h - 62 poisoned darts (quivered)
Armour
 b - a +2 kite shield (worn)
Jewellery
 i - a ring of protection from fire (on tentacle)
 l - a ring of poison resistance (left tentacle)
 m - a +6 ring of strength (right tentacle)
 y - a ring of stealth (on tentacle)
Wands
 g - a wand of random effects (13)
 k - a wand of enslavement (5)
 p - a wand of polymorph (24)
 w - a wand of iceblast (6)
Scrolls
 d - a scroll of teleportation
 e - 2 scrolls of immolation
 j - 8 scrolls of remove curse
Potions
 c - 2 potions of might
 n - 2 potions of brilliance
 o - 6 potions of curing
 q - a potion of lignification
 r - 3 potions of magic
 s - 2 potions of flight
 t - 2 potions of mutation {unknown}
 u - a potion of haste {unknown}
 v - a potion of ambrosia
 x - a potion of attraction {unknown}
 z - 2 potions of resistance {unknown}
Miscellaneous
 A - a phial of floods


   Skills:
 + Level 6.1 Fighting
 * Level 10.3 Long Blades
 * Level 7.7 Dodging
 + Level 7.8 Stealth
 * Level 7.6 Shields
 + Level 2.7 Invocations
 + Level 4.9 Evocations


You had 10 spell levels left.
You didn't know any spells.
Your spell library contained the following spells:

 Spells                   Type           Power        Failure   Level
 Corona                   Hex            0%           67%         1
 Magic Dart               Conj           0%           67%         1
 Blink                    Tloc           N/A          82%         2
 Call Imp                 Summ           0%           82%         2
 Slow                     Hex            0%           82%         2
 Conjure Flame            Conj/Fire      0%           96%         3
 Mephitic Cloud           Conj/Pois/Air  0%           96%         3


Dungeon Overview and Level Annotations

Branches:
Dungeon (10/15)            Temple (1/1) D:7           Sewer (visited)
   Lair: D:8-11         Orc: D:9-12

Altars:
Ashenzari
Cheibriados
Dithmenos
Elyvilon
Fedhas
Gozag
Hepliaklqana
Kikubaaqudgha
Makhleb
Nemelex Xobeh
Okawaru
Qazlal
Ru
Sif Muna
Trog
Uskayaw
Vehumet
Wu Jian
Xom
Yredelemnul
Zin
The Shining One

Shops:
D:6 :

Annotations:
D:5 3 runed translucent doors, vvl's ghost, novice OgBe


Innate Abilities, Weirdness & Mutations

You cannot wear most types of armour.
You are very stealthy in the water. (Stealth+)
You are amphibious.
You can wear up to eight rings at the same time.
You can use your tentacles to constrict eight enemies at once.
Your skin changes colour to match your surroundings (Stealth+).
Your rubbery body absorbs attacks. (AC +1, EV +1)


Message History

The troll bites you! The troll claws you! You block the troll's attack.
The wight hits you with a +5 dagger!
* * * LOW HITPOINT WARNING * * *
You hit the troll.
The troll is severely wounded.
A wight comes into view.
It is wielding a +0 falchion and wearing a +1 robe of willpower.
The sky beast flickers out of sight!
Deactivating autopickup; reactivate with Ctrl-A.
The troll bites you.
* * * LOW HITPOINT WARNING * * *
You block the troll's attack. The troll claws you.
* * * LOW HITPOINT WARNING * * *
The wight misses you.
You barely miss the troll. You squeeze the troll.
The troll is almost dead.
A howler monkey comes into view.
The howler monkey hoots and howls with incredible vigour!
You block the troll's attack. The troll closely misses you.
You block the troll's attack. The wight hits you with a +5 dagger!
You die...

..#.....# #...
..#####.# #.. ..#
#.####.#
..#####...##.##
..............#
.#######......#
######. ##
##.#...###.......
#
#.......#z..h...
###.....@T.lz...
#...##.h....zh
#######....z..
....... .......
#######


You could see a troll, a wyvern, 3 howler monkeys and 4 wights.

Vanquished Creatures
  A two-headed ogre (D:9)
  Pikel (D:6)
  A wraith (D:10)
  A basilisk (D:10)
  Eustachio (D:5)
  Duvessa (D:5)
  2 sky beasts
  5 orc warriors
  A necrophage (D:5)
  2 ice beasts
  An eye of draining (D:9)
  7 centaurs
  8 ogres
  4 lemures (D:6)
  5 bullfrogs
  3 big kobolds (Sewer)
  2 wyvern zombies
  A gnoll sergeant (D:5)
  Dowan (D:5)
  3 scorpions
  6 killer bees (D:8)
  27 wights
  A centaur zombie (D:6)
  2 bullfrog zombies
  A quasit (D:10)
  2 orc priests
  4 gnoll shamans (D:5)
  6 hounds
  2 jellies
  8 orc wizards
  5 iguanas
  9 worker ants
  2 worker ant zombies
  31 gnolls
  6 river rats
  12 adders
  A shadow imp (D:4)
  2 white imps
  5 oozes
  3 adder skeletons
  10 worms
  2 dart slugs
  9 leopard geckos
  28 orcs
  5 giant cockroaches
  6 goblins
  13 hobgoblins
  24 jackals
  13 kobolds
  A quokka (D:3)
  A ball python (D:6)
  6 bats
  7 frilled lizards
  A leopard gecko skeleton (D:9)
  A quokka zombie (D:5)
  18 rats
331 creatures vanquished.

Vanquished Creatures (others)
  3 plants (D:5)
3 creatures vanquished.

Grand Total: 334 creatures vanquished

Notes
Turn   | Place    | Note
-------+----------+-------------------------------------------
     0 | D:1      | Tirrikindir the Octopode Fighter began the quest for the
                  | Orb.
     0 | D:1      | Reached XP level 1. HP: 16/16 MP: 1/1
   118 | D:1      | Reached XP level 2. HP: 21/21 MP: 2/2
   133 | D:1      | Reached skill level 1 in Stealth
   448 | D:1      | Reached XP level 3. HP: 20/24 MP: 3/3
  1131 | D:2      | Found a burning altar of Makhleb.
  1218 | D:2      | Reached XP level 4. HP: 11/31 MP: 4/4
  1221 | D:2      | Reached skill level 3 in Long Blades
  1681 | D:2      | Reached XP level 5. HP: 34/36 MP: 5/5
  2208 | D:3      | Found a shimmering blue altar of Sif Muna.
  2227 | D:3      | Identified Sif Muna's Volume of Enchantment
  2805 | D:4      | Reached XP level 6. HP: 43/43 MP: 6/6
  2915 | D:4      | Reached skill level 4 in Long Blades
  3312 | D:5      | Entered Level 5 of the Dungeon
  3547 | D:5      | Reached skill level 5 in Long Blades
  3547 | D:5      | Reached XP level 7. HP: 24/48 MP: 7/7
  3701 | D:5      | Found a runed translucent gate.
  3702 | D:5      | Found a runed translucent gate.
  3707 | D:5      | Found a runed translucent gate.
  3709 | D:5      | Noticed vvl's ghost (novice OgBe)
  3728 | D:5      | Found a bloodstained altar of Trog.
  3843 | D:5      | Noticed Eustachio
  3853 | D:5      | Killed Eustachio
  3854 | D:5      | Reached skill level 6 in Long Blades
  3995 | D:5      | Noticed Dowan
  3995 | D:5      | Noticed Duvessa
  4002 | D:5      | Killed Dowan
  4014 | D:5      | Killed Duvessa
  4015 | D:5      | Reached skill level 7 in Long Blades
  4015 | D:5      | Reached XP level 8. HP: 33/54 MP: 8/8
  4744 | D:5      | Reached skill level 8 in Long Blades
  5412 | D:5      | Reached skill level 1 in Evocations
  5788 | D:6      | Found a glowing drain.
  5796 | Sewer    | Entered a sewer
  5900 | Sewer    | Reached XP level 9. HP: 57/59 MP: 9/9
  6056 | Sewer    | Reached skill level 5 in Dodging
  6275 | Sewer    | Reached skill level 5 in Stealth
  6469 | D:6      | Noticed Pikel
  6516 | D:6      | Found Ucoj's Book Shoppe.
  6818 | D:6      | Reached skill level 5 in Shields
  7155 | D:6      | Killed Pikel
  7156 | D:6      | Reached skill level 9 in Long Blades
  7202 | D:6      | Reached skill level 5 in Fighting
  7880 | D:7      | Reached XP level 10. HP: 47/65 MP: 10/10
  8544 | D:7      | Found a bloodstained altar of Trog.
  8995 | D:7      | Found a staircase to the Ecumenical Temple.
  9006 | Temple   | Entered the Ecumenical Temple
  9063 | Temple   | Became a worshipper of Warmaster Okawaru
  9652 | D:8      | Reached skill level 1 in Invocations
  9789 | D:8      | Found an opulent altar of Gozag.
  9790 | D:8      | Found a sparkling altar of Nemelex Xobeh.
  9921 | D:8      | Found a radiant altar of Vehumet.
 10452 | D:9      | Reached * piety under Okawaru
 10453 | D:9      | Reached skill level 10 in Long Blades
 10603 | D:9      | Noticed a two-headed ogre
 10926 | D:9      | Killed a two-headed ogre
 10928 | D:9      | Reached XP level 11. HP: 25/72 MP: 12/12
 11471 | D:9      | Found a shimmering altar of Xom.
 11475 | D:9      | Found an ornate altar of the Wu Jian Council.
 11674 | D:10     | Entered Level 10 of the Dungeon
 11911 | D:10     | Reached ** piety under Okawaru
 12044 | D:10     | Slain by a wight

Illustrated notes

Levels and vault maps discovered:
D:1:      nzn_arrival_crosshair, layout_rooms
D:2:      layout_basic, bloody_makhleb
D:3:      layout_basic, led_sif_book
D:4:      layout_cave_pools
D:5:      lemuel_castle_with_subvaults [lemuel_castle_interior_carwin_2],
          layout_cave_pods, bloody_trog, gammafunk_ghost_necromancy,
          uniq_duvessa, uniq_eustachio
D:6:      layout_cave_pools, serial_shops, shop, lightli_sewer_entry_pipes,
          uniq_pikel
D:7:      layout_loops_cross, temple_hall, grunt_decor_junction,
          trog_butcher_becter
D:8:      layout_rooms, grunt_temple_overflow_opulence, kennysheep_little_box,
          skrybe_limestone_x
D:9:      layout_big_octagon, grunt_temple_overflow_open,
          corexii_leaking_fountain, nicolae_underground_beach
D:10:     layout_rooms, david_lair_generic
Temple:   eino_wide_crystal_templ

Skill      XL: |  1  2  3  4  5  6  7  8  9 10 |
---------------+-------------------------------+-----
Stealth        | 1 2 3 4 6 7 |  7.8
Long Blades    | 3 5 7 8 9 10 | 10.3
Fighting       | 4 5 6 |  6.1
Dodging        | 4 6 7 |  7.7
Shields        | 4 6 7 |  7.6
Evocations     | 1 3 4 |  4.9
Invocations    | 2 |  2.7

Action                   |  1- 3 |  4- 6 |  7- 9 | 10-12 || total
-------------------------+-------+-------+-------+-------++-------
Melee: Long sword        |    63 |   125 |   257 |    12 ||   457
       Constrict         |    18 |    40 |    74 |    56 ||   188
       Tentacles         |     9 |    27 |    88 |    79 ||   203
       Falchion          |       |       |    25 |     4 ||    29
       Scimitar          |       |       |       |   220 ||   220
Throw: Dart              |       |     1 |    13 |    13 ||    27
Invok: Heroism           |       |       |       |     1 ||     1
Evoke: Wand              |       |       |       |     1 ||     1
  Use: Scroll            |     3 |     9 |     3 |     6 ||    21
       Potion            |     3 |     4 |     3 |     3 ||    13
 Stab: Sleeping          |     7 |    17 |    23 |    11 ||    58
Armor: Skin              |    10 |     5 |     7 |     3 ||    25
Dodge: Dodged            |    32 |    49 |   102 |   111 ||   294
Block: Kite shield       |    22 |    34 |   153 |   140 ||   349
       Rpst.: Long sword |    12 |    15 |    17 |     2 ||    46
       Falchion          |       |       |     2 |     1 ||     3
       Scimitar          |       |       |       |    34 ||    34
